 Dungeon Crawl Stone Soup version 0.22-a0-533-g4d20840 (webtiles) character file.

601 kae the Slasher (level 7, 0/61 HPs)
             Began as a Minotaur Fighter on June 22, 2018.
             Was an Initiate of Makhleb.
             Succumbed to a gnoll's poison
             ... on level 4 of the Dungeon.
             The game lasted 00:02:03 (3157 turns).

kae the Slasher (Minotaur Fighter)                  Turns: 3157, Time: 00:02:04

Health: 0/61       AC:  7    Str: 22    XL:     7   Next: 18%
Magic:  7/7        EV:  9    Int: 11    God:    Makhleb [......]
Gold:   226        SH:  9    Dex:  9    Spells: 6/6 levels left

rFire    . . .     SeeInvis .   r - +1 rapier (venom)
rCold    . . .     Gourm    .   c - +0 shield
rNeg     + . .     Faith    .   b - +0 scale mail
rPois    .         Spirit   .   (helmet restricted)
rElec    .         Reflect  .   (no cloak)
rCorr    .         Harm     .   (no gloves)
MR       .....                  (no boots)
Stlth    ..........             (no amulet)
HPRegen  0.20/turn              g - ring of positive energy
MPRegen  0.10/turn              (no ring)

@: brilliant, lethally poisoned (0 -> -5), flying
A: retaliatory headbutt, horns 2
a: Renounce Religion


You were on level 4 of the Dungeon.
You worshipped Makhleb.
Makhleb was noncommittal.
You were not hungry.

You visited 1 branch of the dungeon, and saw 4 of its levels.

You collected 226 gold pieces.

Inventory:

Hand Weapons
 a - a +1 long sword
 r - a +1 rapier of venom (weapon)
Armour
 b - a +0 scale mail (worn)
 c - a +0 shield (worn)
Jewellery
 g - a ring of positive energy (left hand)
 k - an uncursed ring of protection from cold {unknown}
Scrolls
 m - 2 scrolls of identify
 p - 2 scrolls of enchant weapon
Potions
 d - a potion of might
 e - a potion of degeneration
 h - a potion of agility
 j - a potion of resistance
 n - a potion of flight
Comestibles
 f - 5 rations
 q - a chunk of flesh


   Skills:
 + Level 5.3 Fighting
 * Level 6.1 Long Blades
 + Level 5.3 Armour
 + Level 3.3 Dodging
 - Level 3.6 Shields
 + Level 1.7 Invocations


You had 6 spell levels left.
You didn't know any spells.
Your spell library contained the following spells:

 Spells                   Type           Power        Failure   Level  Hunger
 Apportation              Tloc           #.....       34%         1    ##.....
 Summon Small Mammal      Summ           #...         34%         1    ##.....
 Animate Skeleton         Necr           N/A          34%         1    ##.....
 Confusing Touch          Hex            #.....       34%         1    ##.....


Dungeon Overview and Level Annotations

Branches:
Dungeon (4/15)             Temple (0/1) D:4

Altars:
Ashenzari
Elyvilon
Fedhas
Kikubaaqudgha
Makhleb
Ru
Uskayaw


Innate Abilities, Weirdness & Mutations

You reflexively headbutt those who attack you in melee.
You have a pair of horns on your head.


Message History

You feel sick.
As you read the scroll labeled JEIHU ROSKUJ, it crumbles to dust.
The air around you briefly surges with heat, but it dissipates.
It was a scroll of immolation.
* * * LOW HITPOINT WARNING * * *
You feel sick.
As you read the scroll labeled GOYTIO WAESHE, it crumbles to dust.
You feel strangely unstable.
It was a scroll of teleportation.
* * * LOW HITPOINT WARNING * * *
You feel sick.
* * * LOW HITPOINT WARNING * * *
You feel sick.
* * * LOW HITPOINT WARNING * * *
You feel sick.
Your surroundings suddenly seem different.
* * * LOW HITPOINT WARNING * * *
You feel sick.
* * * LOW HITPOINT WARNING * * *
You feel sick.
You die...

### #####################.#
.....†................#
#####################.#### #....#
#########..#.# #..........#.#
#..........#.#
#############..[@......#.########
............'....................
....#####.###...(........###.####
....# #..........(.........#.....
##### #..PP.........._..._.#.####
#.PPPP..#####..........####
#.PP_PP## #._..⌠.........
#######.P.P.P######........†..###
........PPP.P.....(......_.#..###


There were no monsters in sight!

Vanquished Creatures
  Eustachio (D:4)
  A phantom (D:4)
  An ogre (D:2)
  A centaur (D:4)
  Natasha (D:4)
  3 gnolls (D:4)
  7 adders
  4 worms
  2 dart slugs (D:1)
  3 leopard geckos
  8 orcs
  A ball python (D:3)
  8 bats
  7 giant cockroaches
  4 goblins
  12 hobgoblins
  4 jackals (D:3)
  9 kobolds
  A quokka (D:4)
  6 frilled lizards
  10 rats
94 creatures vanquished.

Notes
Turn   | Place    | Note
-------+----------+-------------------------------------------
     0 | D:1      | kae the Minotaur Fighter began the quest for the Orb.
     0 | D:1      | Reached XP level 1. HP: 19/19 MP: 0/0
    30 | D:1      | Reached XP level 2. HP: 21/27 MP: 1/1
   152 | D:1      | Reached skill level 3 in Long Blades
   296 | D:1      | Reached skill level 1 in Dodging
   555 | D:1      | Reached XP level 3. HP: 31/33 MP: 2/2
  1103 | D:2      | Reached XP level 4. HP: 37/40 MP: 3/3
  1189 | D:2      | Noticed an ogre
  1191 | D:2      | Killed an ogre
  1191 | D:2      | Reached skill level 4 in Long Blades
  1191 | D:2      | Reached XP level 5. HP: 47/47 MP: 4/4
  1942 | D:3      | Found a white marble altar of Elyvilon.
  2442 | D:4      | Found a sacrificial altar of Ru.
  2447 | D:4      | Found a hide-covered altar of Uskayaw.
  2450 | D:4      | Found a burning altar of Makhleb.
  2452 | D:4      | Found a shattered altar of Ashenzari.
  2452 | D:4      | Found an ancient bone altar of Kikubaaqudgha.
  2489 | D:4      | Reached skill level 5 in Long Blades
  2586 | D:4      | Became a worshipper of Makhleb the Destroyer
  2589 | D:4      | Found a blossoming altar of Fedhas.
  2590 | D:4      | Noticed a centaur
  2665 | D:4      | Killed a centaur
  2665 | D:4      | Reached XP level 6. HP: 47/55 MP: 5/5
  2716 | D:4      | Found a staircase to the Ecumenical Temple.
  2752 | D:4      | Reached skill level 5 in Armour
  2787 | D:4      | Noticed Eustachio
  2799 | D:4      | Killed Eustachio
  2799 | D:4      | Reached skill level 5 in Fighting
  2799 | D:4      | Reached skill level 1 in Invocations
  2826 | D:4      | Reached XP level 7. HP: 53/61 MP: 5/7
  2983 | D:4      | Reached skill level 6 in Long Blades
  2987 | D:4      | Noticed Natasha
  2996 | D:4      | Killed Natasha
  3154 | D:4      | HP: 3/61 [poisoned by a gnoll]
  3156 | D:4      | HP: 1/61 [poisoned by a gnoll]
  3157 | D:4      | Succumbed to a gnoll's poison

Vault maps used:
D:1:      dpeg_arrival_pond, minmay_pentomino_r4
D:2:      first_ration
D:3:      nicolae_overflow_crystal_walls
D:4:      grunt_temple_overflow_open, minmay_overflow_temple_star_quad,
          temple_doors_e, fedhas_bush_and_centaur_altar, uniq_natasha,
          uniq_eustachio

Skill      XL: |  1  2  3  4  5  6  7 |
---------------+----------------------+-----
Long Blades    | 3 4 5 6 |  6.1
Dodging        | 1 2 3 |  3.3
Armour         | 4 5 |  5.3
Fighting       | 4 5 |  5.3
Invocations    | 1 |  1.7
Shields        | |  3.6

Action                   |  1- 3 |  4- 6 |  7- 9 || total
-------------------------+-------+-------+-------++-------
Melee: Long sword        |   101 |   125 |    18 ||   244
       Headbutt          |    13 |    21 |     3 ||    37
       Rapier            |       |       |    12 ||    12
  Use: Scroll            |       |     5 |     3 ||     8
       Potion            |       |       |     2 ||     2
  Eat: Chunk             |       |     3 |     1 ||     4
       Ration            |       |     1 |       ||     1
Armor: Scale mail        |    43 |    51 |    10 ||   104
Dodge: Dodged            |    26 |    36 |    11 ||    73
Block: Shield            |    52 |    72 |    19 ||   143
       Rpst.: Long sword |     7 |    13 |       ||    20

Table legend:
 A = Spawn XP
 B = Non-spawn XP
 C = Spawn XP percentage of total XP
 D = Spawn monster count
 E = Non-spawn monster count
 F = Spawn count percentage of total count
 G = Total turns spent on level
                    A         B        C        D         E        F      G
               +---------+---------+-------+---------+---------+-------+---------
         Total |       0 |     859 |   0.0 |       0 |      94 |   0.0 |  3157
               +---------+---------+-------+---------+---------+-------+---------
           D:1 |       0 |      46 |   0.0 |       0 |      27 |   0.0 |   745
           D:2 |       0 |     193 |   0.0 |       0 |      27 |   0.0 |   844
           D:3 |       0 |      75 |   0.0 |       0 |      24 |   0.0 |   850
           D:4 |       0 |     545 |   0.0 |       0 |      16 |   0.0 |   718
               +---------+---------+-------+---------+---------+-------+---------
